 Dungeon Crawl Stone Soup version 0.29-a0-80-g3050e97935 (webtiles) character file.

Game seed: 690397746080380262

42 Gargoyl the Skirmisher (level 3, 0/24 HPs)
             Began as a Gargoyle Abyssal Knight on Feb 4, 2022.
             Was a Follower of Lugonu.
             Slain by an iguana (10 damage)
             ... on level 2 of the Dungeon.
             The game lasted 00:01:32 (1262 turns).

Gargoyl the Skirmisher (Gargoyle Abyssal Knight)    Turns: 1262, Time: 00:01:32

Health: 0/24       AC: 15    Str: 18    XL:     3   Next: 54%
Magic:  4/4        EV:  5    Int: 10    God:    Lugonu [*.....]
Gold:   31         SH:  0    Dex: 10    Spells: 2/2 levels left

rFire   . . .      SeeInvis .   a - +1 hand axe
rCold   + . .      Faith    .   f - orb {*Rage}
rNeg    + . .      Spirit   .   g - +0 plate armour
rPois   ∞          Reflect  .   b - +0 helmet
rElec   +          Harm     .   (no cloak)
rCorr   .          Rampage  .   (no gloves)
Will    .....      Rage     20% (no boots)
Stlth   ..........              (no amulet)
HPRegen 0.08/turn               d - ring of protection from cold
MPRegen 0.09/turn               (no ring)

@: on berserk cooldown
A: sickness immunity, AC +3, negative energy resistance 1, electricity
resistance, torment resistance 1, petrification resistance
a: Renounce Religion, Depart the Abyss


You were on level 2 of the Dungeon.
You worshipped Lugonu.
Lugonu was aware of your devotion.
You visited 1 branch of the dungeon, and saw 2 of its levels.
You visited the Abyss 1 time.

You collected 31 gold pieces.

Inventory:

Hand Weapons
 a - a +1 hand axe (weapon)
Missiles
 c - 2 javelins (quivered)
Armour
 b - a +0 helmet (worn)
 f - an orb of wrath (worn)
 g - a +0 plate armour (worn)
Jewellery
 d - a ring of protection from cold (left hand)
Potions
 e - a potion of attraction {unknown}


   Skills:
 + Level 3.9 Fighting
 + Level 2.3 Axes
 + Level 2.7 Armour
 + Level 1.0 Dodging
 + Level 0.2 Stealth
 + Level 2.1 Invocations


You had 2 spell levels left.
You didn't know any spells.
Your spell library was empty.

Dungeon Overview and Level Annotations

Branches:
Dungeon (2/15)

Altars:


Innate Abilities, Weirdness & Mutations

You are immune to sickness and miasma.
Your stone body is resilient. (AC +3)
You are immune to poison.
You resist negative energy. (rN+)
You are resistant to electric shocks. (rElec)
You are resistant to unholy torment.
You are immune to petrification.


Message History

The hobgoblin hits you but does no damage.
A bullfrog skeleton comes into view.
You see here a +0 short sword.
You closely miss the hobgoblin.
The hobgoblin hits you but does no damage. x2
You closely miss the hobgoblin.
The hobgoblin hits you but does no damage.
The hobgoblin barely misses you.
Unknown command.
You hit the hobgoblin.
The hobgoblin is lightly wounded.
The hobgoblin hits you.
The hobgoblin hits you but does no damage.
You hit the hobgoblin.
The hobgoblin is severely wounded.
The hobgoblin hits you. x2
Unknown command.
You hit the hobgoblin.
You kill the hobgoblin!
Lugonu accepts your kill.
You feel yourself speed up. The rat barely misses you.
You barely miss the rat. The rat barely misses you.
Unknown command.
You hit the rat.
You kill the rat!
Lugonu accepts your kill. The adder barely misses you.
Unknown command.
You barely miss the adder.
The adder bites you but does no damage. x2
You hit the adder.
The adder is heavily wounded.
The adder bites you but does no damage.
Unknown command.
You slash the adder!
You kill the adder!
Lugonu accepts your kill. The iguana bites you.
You closely miss the iguana. The iguana bites you!
You die...

#...#....... ...
#.......... #.#
###..#)##.# ##.# #.
#.##.# ..# #.##.#
... #.##.# #Z#
#.##.# #l# #.##.#
#@###########.##.#
#.....†.......#
#<.....###.#########
#.####.##...#
#.#.....# #........#
#.#.....## #.##...##
#......#


You could see an iguana and a bullfrog skeleton.

Vanquished Creatures
  An adder (D:2)
  A dart slug (D:1)
  An orc (D:2)
  A bat (D:1)
  2 endoplasms
  A giant cockroach (D:1)
  5 goblins (D:1)
  2 hobgoblins
  A quokka (D:1)
  4 ball pythons
  2 frilled lizards (D:1)
  5 kobolds
  2 rats (D:2)
28 creatures vanquished.

Notes
Turn   | Place    | Note
-------+----------+-------------------------------------------
     0 | Abyss:1  | Gargoyl the Gargoyle Abyssal Knight began the quest for the
                  | Orb.
     0 | Abyss:1  | Reached XP level 1. HP: 14/14 MP: 2/2
    78 | Abyss:2  | Found a blossoming altar of Fedhas.
   101 | Abyss:2  | Noticed a large abomination
   101 | D:1      | Escaped the Abyss
   361 | D:1      | Reached XP level 2. HP: 19/19 MP: 3/3
   561 | D:1      | Reached * piety under Lugonu
  1043 | D:1      | Reached XP level 3. HP: 24/24 MP: 4/4
  1251 | D:2      | Reached skill level 1 in Dodging
  1262 | D:2      | Slain by an iguana

Illustrated notes

Levels and vault maps discovered:
D:1:      nagdon_arrival_double_spiral, layout_basic,
          hangedman_decor_clover_reticule
D:2:      layout_loops_ring, shapermc_ecumenical_altar_mp_urbaneastern,
          uniq_robin

Skill      XL: |  1  2  3 |
---------------+----------+-----
Axes           | 2 |  2.3
Dodging        | 1 |  1.0
Fighting       | |  3.9
Armour         | |  2.7
Stealth        | |  0.2
Invocations    | |  2.1

Action                   || total
-------------------------++-------
Melee: Hand axe          ||    63
       Punch             ||     1
Invok: Depart the Abyss  ||     1
Armor: Leather armour    ||    19
       Plate armour      ||    12
Dodge: Dodged            ||    42

Table legend: (Time is in decaauts)
 A = Elapsed time spent in this place.
 B = Non-inter-level travel time spent in this place.
 C = Inter-level travel time spent in this place.
 D = Time resting spent in this place.
 E = Time spent auto-exploring this place.
 F = Levels seen in this place.
 G = Mean time per level.
                   A        B        C        D        E       F      G
               +--------+--------+--------+--------+--------+-----+--------+
         Total |   1320 |   1305 |     15 |      0 |   1006 |   4 |  330.0 |
       Dungeon |   1220 |   1205 |     15 |      0 |    918 |   2 |  610.0 |
         Abyss |    100 |    100 |      0 |      0 |     88 |   2 |   50.0 |
               +--------+--------+--------+--------+--------+-----+--------+

Top non-repeatable levels by time:
     D:1: 1151 daAuts
     D:2: 68 daAuts
 Abyss:2: 61 daAuts
 Abyss:1: 39 daAuts
